AoeStats
← Marbas

Lombardia

508267835Analyzed
4v4 RM · 10d ago on Sep 21, 2026· 46m 1s· 8 players
Game mode
Random Map
Map size
Large (8 player)
Population
200
Speed
Normal
Resources
Standard
Victory
Conquest
Starting age
Dark Age
Ending age
Imperial Age
RankedLock teamsTeams togetherTeam positionsShared explorationLock speedFull tech treeHidden civsTurbo modeCheats
Victory
Defeat
🇲🇾 Persians · Malaysia
1855
+12
🇹🇼 Celts · Taiwan
1574
+23
🇦🇹 Khitans · Austria
1558
+24
🇹🇷 Teutons · Türkiye
1554
+25
🇨🇳 Berbers · China
1839
-24
🇷🇺 Tatars · Russia
1796
-23
🇰🇷 Mongols · South Korea
1693
-19
🇷🇺 Mapuche · Russia
1679
-18
PLEBUSHEK
7:11 Loom
10:02 Feudal Age
10:28 Double-Bit Axe
10:45 Horse Collar
18:26 Castle Age
17:30 Bloodlines
19:18 Bow Saw
20:54 Gold Mining
22:55 Gold Shaft Mining
22:27 Husbandry
25:21 Scale Barding Armor
28:50 Wheelbarrow
32:13 Imperial Age
31:34 Forging
32:07 Chain Barding Armor
31:45 Stone Mining
32:20 Town Watch
32:56 Hand Cart
33:18 Iron Casting
33:28 Conscription
32:58 Heavy Camel Rider
33:32 Capped Ram
34:42 Block Printing
36:39 Plate Barding Armor
37:35 Heavy Plow
43:59 Fletching
< blank >
5:38 Loom
8:06 Feudal Age
17:24 Castle Age
15:54 Horse Collar
16:31 Double-Bit Axe
18:17 Bow Saw
26:59 Wheelbarrow
32:03 Imperial Age
29:55 Stone Mining
30:17 Gold Mining
30:59 Hand Cart
31:16 Fervor
31:14 Fletching
32:06 Bodkin Arrow
32:38 Padded Archer Armor
32:57 Bracer
34:04 Chemistry
33:25 Kasbah
33:52 Padded Archer Armor
34:12 Heavy Plow
34:51 Leather Archer Armor
35:16 Conscription
37:20 Husbandry
37:31 Bloodlines
38:22 Ring Archer Armor
38:36 Caravan
38:17 Light Cavalry
38:42 Elite Camel Archer
40:01 Ballistics
41:44 Scale Barding Armor
43:28 Hussar
46:02 Forging
수상
10:15 Feudal Age
13:51 Castle Age
13:35 Double-Bit Axe
15:36 Horse Collar
18:01 Loom
22:38 Bow Saw
24:48 Wheelbarrow
23:58 Town Watch
24:51 Stone Mining
26:39 Heavy Plow
32:03 Imperial Age
30:20 Fletching
31:35 Bodkin Arrow
32:46 Ballistics
32:54 Bracer
33:08 Masonry
34:01 Chemistry
33:48 Hand Cart
35:01 Padded Archer Armor
36:08 Thumb Ring
36:31 Bloodlines
36:21 Husbandry
36:11 Elite Mangudai
38:24 Parthian Tactics
38:38 Leather Archer Armor
40:07 Siege Engineers
44:27 Capped Ram
Marbas
10:08 Feudal Age
14:32 Castle Age
13:28 Fletching
13:31 Double-Bit Axe
14:34 Fletching
18:26 Padded Archer Armor
18:41 Bow Saw
19:49 Bodkin Arrow
20:58 Horse Collar
21:44 Gold Mining
23:13 Leather Archer Armor
28:15 Wheelbarrow
29:16 Town Watch
32:17 Imperial Age
30:58 Gold Shaft Mining
30:17 Stone Mining
31:57 Stone Shaft Mining
31:40 Loom
32:29 Forging
32:42 Ballistics
33:33 Ring Archer Armor
34:05 Chemistry
33:53 Elite Bolas Rider
35:37 Masonry
39:19 Scale Mail Armor
39:37 Pikeman
40:42 Halberdier
JINJIN
4:23 Loom
12:07 Feudal Age
13:48 Double-Bit Axe
14:13 Gold Mining
16:44 Castle Age
18:05 Wheelbarrow
17:56 Bow Saw
20:48 Ballistics
27:24 Horse Collar
29:13 Stone Mining
29:25 Heavy Plow
31:14 Caravan
37:35 Imperial Age
35:33 Hand Cart
35:42 Fletching
37:35 Gold Shaft Mining
37:22 Pikeman
38:29 Furor Celtica
37:51 Heavy Scorpion
38:26 Halberdier
40:17 Capped Ram
41:45 Conscription
41:32 Siege Engineers
42:28 Chemistry
41:39 Siege Ram
B3rserk
4:32 Loom
10:46 Feudal Age
14:42 Castle Age
12:31 Horse Collar
13:11 Double-Bit Axe
19:01 Wheelbarrow
22:15 Bow Saw
23:00 Gold Mining
29:27 Imperial Age
27:18 Scale Barding Armor
27:47 Forging
27:56 Hand Cart
28:59 Chain Barding Armor
29:05 Elite War Elephant
30:26 Iron Casting
30:39 Conscription
31:04 Heavy Plow
31:51 Husbandry
32:12 Bloodlines
32:49 Plate Barding Armor
33:46 Blast Furnace
39:41 Fletching
39:55 Caravan
43:57 Gold Shaft Mining
43:13 Stone Mining
46:19 Crop Rotation
USTA
6:47 Loom
9:23 Feudal Age
9:54 Double-Bit Axe
15:42 Horse Collar
16:15 Fletching
20:02 Wheelbarrow
19:14 Town Watch
25:08 Castle Age
23:28 Gold Mining
24:51 Stone Mining
26:11 Bodkin Arrow
26:48 Bow Saw
31:02 Imperial Age
30:09 Stone Shaft Mining
30:57 Wheelbarrow
31:29 Guard Tower
34:00 Ballistics
35:30 Masonry
36:27 Scale Mail Armor
39:08 Chemistry
39:13 Hand Cart
41:00 Caravan
41:25 Heavy Scorpion
44:48 Two-Man Saw
43:49 Heavy Plow
44:05 Siege Engineers
44:58 Ironclad
44:58 Conscription
45:06 Conscription
45:32 Crop Rotation
AntiMetaist
7:10 Loom
9:32 Feudal Age
13:43 Forging
20:23 Castle Age
19:01 Domestication
19:07 Double-Bit Axe
19:12 Gold Mining
21:06 Husbandry
21:11 Light Cavalry
22:01 Scale Barding Armor
24:02 Iron Casting
26:34 Pastoralism
26:50 Bow Saw
29:25 Wheelbarrow
34:02 Imperial Age
33:32 Chain Barding Armor
33:19 Town Watch
33:52 Hand Cart
35:37 Plate Barding Armor
34:23 Hussar
35:29 Conscription
37:42 Transhumance
38:35 Two-Man Saw
40:40 Town Patrol
40:32 Stone Mining
40:25 Heavy Camel Rider
42:45 Caravan
Connection lost

Rejoining the realm…

Still unreachable

The connection could not be restored.

Session expired

The server has moved on; the page needs a fresh start.